 Dungeon Sprint DCSS version 0.30-a0-920-g7493c07aab (webtiles) character file.

Game seed: 13146228474213755937

236 123deadman the Protected (level 6, 0/53 HPs)
             Began as a Human Fighter on Mar 21, 2023.
             Was an Initiate of Yredelemnul.
             Slain by an adder (1 damage)
             ... in the Dungeon (Sprint VII: "The Pits").
             The game lasted 00:02:48 (376 turns).

123deadman the Protected (Human Fighter)             Turns: 376, Time: 00:02:50

Health: 0/53       AC:  8    Str: 18    XL:     6   Next: 27%
Magic:  6/6        EV:  9    Int:  9    God:    Yredelemnul [......]
Gold:   0          SH:  5    Dex: 12    Spells: 5/5 levels left

rFire   . . .      SeeInvis .    a - +0 war axe
rCold   . . .      Faith    .    c - +0 buckler
rNeg    . . .      Spirit   .    b - +0 scale mail
rPois   .          Reflect  .    (no helmet)
rElec   .          Rampage  .    (no cloak)
rCorr   .          NoTele   +    (no gloves)
Will    .....                    (no boots) Stlth
                                 (no amulet)
HPRegen 0.28/turn                (no ring)
MPRegen 0.10/turn                (no ring)

@: on berserk cooldown, slowed, invisible, very slow
A: no striking features
a: Renounce Religion, Recall Undead Harvest


You were in the Dungeon.
You worshipped Yredelemnul.
Yredelemnul was noncommittal.
You visited 1 branch

Inventory:

Hand Weapons
 a - a +0 war axe (weapon)
 k - a +2 quarterstaff
 l - a +2 trident of freezing
 m - a +2 dagger
 n - a +2 falchion
 o - a +2 hand axe
 p - a +2 mace
Armour
 b - a +0 scale mail (worn)
 c - a +0 buckler (worn)
Potions
 g - a potion of haste
 h - 4 potions of magic
 i - 2 potions of berserk rage (quivered)
 q - a potion of invisibility


   Skills:
 + Level 6.5 Fighting
 + Level 5.2 Axes
 + Level 8.1 Armour
 + Level 1.1 Dodging
 + Level 6.0 Shields


You had 5 spell levels left.
You didn't know any spells.
Your spell library was empty.

Dungeon Overview and Level Annotations

Branches:
Dungeon (1/1)

Altars:
Ashenzari
Cheibriados
Dithmenos
Elyvilon
Fedhas
Gozag
Hepliaklqana
Kikubaaqudgha
Makhleb
Nemelex Xobeh
Okawaru
Qazlal
Ru
Sif Muna
Trog
Uskayaw
Vehumet
Wu Jian
Xom
Yredelemnul
Zin
The Shining One
Jiyva
Lugonu


Message History

The adder barely misses you. You block the quokka's attack.
The adder bites you but does no damage.
Found nine items.
The adder closely misses you. The quokka closely misses you.
There is an open door here.
The adder barely misses you.
You see here a +3 chain mail.
The adder bites you but does no damage.
You see here a +2 dagger of electrocution.
The adder bites you but does no damage.
You see here a +2 long sword of holy wrath.
The quokka twitches its whiskers.
The quokka bites you but does no damage.
The adder bites you but does no damage.
You see here a +0 heavy mace.
The quokka bites you.
* * * LOW HITPOINT WARNING * * *
You see here 5 potions of curing.
You block the quokka's attack.
You see here 5 potions of heal wounds.
You catch the helpless quokka completely off-guard!
You hit the quokka but do no damage. The quokka bites you.
* * * LOW HITPOINT WARNING * * *
The quokka barely misses you. The adder bites you but does no damage.
The quokka bites you but does no damage.
Unknown command.
You barely miss the adder. You hit the quokka.
The adder bites you but does no damage.
The quokka bites you but does no damage.
The adder barely misses you. The quokka bites you.
* * * LOW HITPOINT WARNING * * *
The adder bites you.
* * * LOW HITPOINT WARNING * * *
You catch the helpless quokka completely off-guard!
You hit the quokka.
You kill the quokka!
You catch the helpless adder completely off-guard!
You hit the adder. You block the adder's attack. The adder bites you.
You die...
Your body rises from the dead as a mindless zombie.

#_________.#
#_________.#
#_______...#########
##########'##.......
#.?(.'...'.##......#
##########.##.......
#..........รท'.......
#+#####'#####......#
#@!#.....##.......
#S)#####'#####'###
#))#.....##.......
#))#.....##.......
#[[###)####.......
##'#.....##...<...
#........##.......
#........##.......
###########.......


You could see an adder (unable to see you).

Vanquished Creatures
  A flying skull (D)
  A scorpion (D)
  A giant cockroach (D)
  A hobgoblin (D)
  2 jackals (D)
  A kobold (D)
  2 quokkas (D)
9 creatures vanquished.

Vanquished Creatures (others)
  A hobgoblin zombie (D)
  A quokka zombie (D)
2 creatures vanquished.

Grand Total: 11 creatures vanquished

Notes
Turn   | Place    | Note
-------+----------+-------------------------------------------
     0 | D        | 123deadman the Human Fighter began the quest for the Orb.
     0 | D        | Reached XP level 1. HP: 18/18 MP: 1/1
    33 | D        | Found a bloodstained altar of Trog.
    33 | D        | Found a shimmering blue altar of Sif Muna.
    33 | D        | Found a viscous altar of Jiyva.
    33 | D        | Found a hazy altar of Hepliaklqana.
    33 | D        | Found an opulent altar of Gozag.
    55 | D        | Found a glowing golden altar of the Shining One.
    55 | D        | Found a glowing silver altar of Zin.
    55 | D        | Found a basalt altar of Yredelemnul.
    55 | D        | Found a shimmering altar of Xom.
    55 | D        | Found an ornate altar of the Wu Jian Council.
    55 | D        | Found a sacrificial altar of Ru.
    55 | D        | Found a stormy altar of Qazlal.
    55 | D        | Found an iron altar of Okawaru.
    55 | D        | Found a sparkling altar of Nemelex Xobeh.
    55 | D        | Found a burning altar of Makhleb.
    55 | D        | Found a blossoming altar of Fedhas.
    55 | D        | Found a white marble altar of Elyvilon.
    55 | D        | Found a shadowy altar of Dithmenos.
    55 | D        | Found a snail-covered altar of Cheibriados.
    58 | D        | Found a corrupted altar of Lugonu.
    58 | D        | Found a radiant altar of Vehumet.
    59 | D        | Found an ancient bone altar of Kikubaaqudgha.
    59 | D        | Found a hide-covered altar of Uskayaw.
    59 | D        | Found a broken altar of Ashenzari.
    86 | D        | Became a worshipper of Yredelemnul the Dark
   103 | D        | Noticed a scorpion
   123 | D        | Killed a scorpion
   124 | D        | Reached skill level 5 in Fighting
   124 | D        | Reached skill level 5 in Armour
   124 | D        | Reached XP level 2. HP: 2/27 MP: 2/2
   124 | D        | Reached XP level 3. HP: 3/33 MP: 3/3
   124 | D        | Reached XP level 4. HP: 3/39 MP: 4/4
   336 | D        | Noticed a flying skull
   355 | D        | Killed a flying skull
   356 | D        | Reached skill level 5 in Axes
   356 | D        | Reached skill level 8 in Armour
   356 | D        | Reached skill level 1 in Dodging
   356 | D        | Reached XP level 5. HP: 4/47 MP: 5/5
   356 | D        | Reached XP level 6. HP: 5/53 MP: 6/6
   363 | D        | HP: 1/53 [adder (3)]
   372 | D        | HP: 2/53 [quokka (2)]
   376 | D        | Slain by an adder

Illustrated notes

Levels and vault maps discovered:
D:        pitsprint [storerooms_1, entrance_room_1, metal_vault_5, armoury_1,
          mini_pit_1, grid_room_1, main_hall_1, silver_pit, the_coven_2,
          the_vestibule_1, steel_vault_2, golden_pit, hallway_of_sentries,
          crystal_vault_4, iron_vault_4, final_vault]

Skill      XL: |  1  2  3  4 |
---------------+-------------+-----
Fighting       | 5 6 |  6.5
Axes           | 3 5 |  5.2
Armour         | 5 8 |  8.1
Shields        | 4 6 |  6.0
Dodging        | 1 |  1.1

Action                     |  1- 3 |  4- 6 || total
---------------------------+-------+-------++-------
  Melee: War axe           |    22 |    35 ||    57
    Use: Potion            |     3 |     2 ||     5
         Scroll            |       |     1 ||     1
   Stab: Invisible         |       |     3 ||     3
 Armour: Scale mail        |    12 |    25 ||    37
  Dodge: Dodged            |    15 |    24 ||    39
  Block: Buckler           |     3 |    14 ||    17

Table legend: (Time is in decaauts)
 A = Elapsed time spent in this place.
 B = Non-inter-level travel time spent in this place.
 C = Inter-level travel time spent in this place.
 D = Time resting spent in this place.
 E = Time spent auto-exploring this place.
 F = Levels seen in this place.
 G = Mean time per level.
                   A        B        C        D        E       F      G
               +--------+--------+--------+--------+--------+-----+--------+
         Total |    399 |    399 |      0 |      0 |      0 |   1 |  399.0 |
       Dungeon |    399 |    399 |      0 |      0 |      0 |   1 |  399.0 |
               +--------+--------+--------+--------+--------+-----+--------+

Top non-repeatable levels by time:
       D: 399 daAuts
